[Event "CCT Airthings Masters Play-In 2023"]
[Site "Online"]
[Date "2023.02.03"]
[Round "3"]
[White "OK97"]
[Black "exoticprincess"]
[Result "1/2-1/2"]
[ECO "C42"]
[WhiteElo "2515"]
[BlackElo "2639"]
[Annotator "NA"]
[PlyCount "94"]
[EventDate "2023.02.03"]
[EventType "swiss"]
[EventCountry "NET"]
[SourceTitle "playchess.com"]
[Source "ChessBase"]
[SourceQuality "1"]
[TimeControl "600+2"]

1. e4 e5 2. Nf3 Nf6 3. Nxe5 d6 4. Nf3 Nxe4 5. d4 d5 6. Bd3 Bd6 7. O-O O-O 8. c4 c6 9. Re1 Re8 10. Nc3 Nxc3 11. bxc3 Rxe1+ 12. Qxe1 h6 13. c5 Bc7 14. Qe3 Nd7 15. h3 Nf6 16. Ne5 Be6 17. Rb1 Rb8 18. Bd2 Ne4 19. Bxe4 dxe4 20. Qxe4 Bxa2 21. Ra1 Bd5 22. Qe3 Ra8 23. c4 Be6 24. Bc3 Bxe5 25. Qxe5 Bxc4 26. Rb1 f6 27. Qg3 Qb8 28. Qg4 Bd5 29. Qd7 b5 30. cxb6 axb6 31. Re1 Qf4 32. Re3 Ra2 33. Rg3 Qxf2+ 34. Kh2 Qxg2+ 35. Rxg2 Rxg2+ 36. Kh1 Rc2+ 37. Kg1 Rxc3 38. Qc8+ Kh7 39. Qf5+ Kh8 40. Qc8+ Kh7 41. Qf5+ g6 42. Qd7+ Kh8 43. Qd8+ Kg7 44. Qc7+ Kh8 45. Qd8+ Kg7 46. Qc7+ Kg8 47. Qd8+ Kg7 1/2-1/2

[Event "CCT Airthings Masters Play-In 2023"]
[Site "Online"]
[Date "2023.02.03"]
[Round "3"]
[White "Iniyan, P."]
[Black "SahajGrover"]
[Result "0-1"]
[ECO "A50"]
[WhiteElo "2514"]
[BlackElo "2612"]
[Annotator "TA"]
[PlyCount "114"]
[EventDate "2023.02.03"]
[EventType "swiss"]
[EventCountry "NET"]
[SourceTitle "playchess.com"]
[Source "ChessBase"]
[SourceQuality "1"]
[TimeControl "600+2"]

1. d4 Nf6 2. c4 e6 3. Bf4 Bb4+ 4. Nd2 O-O 5. Ngf3 b6 6. a3 {[%emt 0:00:09] A50: Queen's Fianchetto Defence (1 d4 Nf6 2 c4 b6).} Bxd2+ 7. Nxd2 Bb7 {[%emt 0:00:00] Wards off e4} 8. Qc2 {[%emt 0:00:01] The position is equal.} Nh5 9. Bg3 f5 10. e3 d6 {[%emt 0:00:39] [#]} 11. c5 $146 ({Predecessor:} 11. f3 Nd7 12. Bf2 c5 13. dxc5 dxc5 14. Rd1 Qe7 15. Be2 e5 16. O-O Qg5 17. e4 Nf4 {0-1 Zirwes,H (1933)-Schloeffel,C (1898) SVR-ch MAT-I 33rd 2010 (5)}) 11... Kh8 (11... f4 $15 12. exf4 dxc5) 12. Rc1 {[%emt 0:00:30] White wants to play cxd6.} bxc5 13. dxc5 Nc6 14. Bb5 (14. Be2 $14 Nxg3 15. hxg3) 14... f4 $11 15. cxd6 cxd6 16. Bxc6 Rc8 $1 17. Qd1 (17. Bxb7 $11 Rxc2 18. Rxc2 fxg3 19. hxg3) 17... Bxc6 $17 ({Not} 17... Nxg3 18. hxg3 Bxc6 19. gxf4 $11) 18. Qxh5 (18. O-O $17) 18... Bxg2 $19 {[%emt 0:00:04][%mdl 64] [#] Discovered Attack} 19. Rxc8 Qxc8 20. Rg1 f3 (20... fxg3 $17 21. Rxg2 gxf2+ 22. Rxf2 Qc1+ 23. Ke2 Rxf2+ {[%mdl 64] Overworked Piece} 24. Kxf2 Qxd2+ 25. Qe2 Qxe2+ 26. Kxe2 Kg8) 21. Kd1 $1 $11 (21. Bxd6 $2 Qc1#) 21... Qc6 22. Nb1 {[%emt 0:00:38] aiming for Nc3.} (22. Qg4 $5 Rc8 $8 23. Qc4 Qxc4 24. Nxc4 Rxc4 25. Bxd6 $14) 22... Rf5 23. Qh4 {[%emt 0:00:21] White threatens Qd8+ and mate.} Rd5+ 24. Nd2 {[%emt 0:00:01] Threatening mate with Qd8+.} h6 $40 {[%emt 0:00:06][%mdl 128] Black is up to no good. Some like it hot} 25. Bf4 $2 (25. Qd8+ $11 {and White stays safe.} Kh7 26. Qh4) 25... Rc5 26. Nb3 {[%emt 0:00:13] Dodges Rc1+} Qa4 27. Qd8+ Kh7 28. Qb8 (28. Qxd6 $2 {leads to mate.} Qxb3+ 29. Ke1 Rc1+ 30. Kd2 Qc2#) 28... Rb5 {[%emt 0:00:03] Wards off Qb4} 29. Qc8 {[%emt 0:00:03] And now Qc2+ would win.} Qxb3+ ({Inferior is} 29... Rxb3 30. Qc2+ Rd3+ 31. Kc1 Qxc2+ 32. Kxc2 $11) 30. Qc2+ {[%emt 0:00:00] White is weak on the light squares} Qxc2+ 31. Kxc2 $19 {[%emt 0:00:00][%mdl 4096] Endgame KRB-KRB} e5 32. Bg3 Kg6 (32... Bh3 $19 {has better winning chances. Hoping for ...g5.} 33. a4 Rc5+ 34. Kd3 a5) 33. Rd1 Rc5+ 34. Kb3 {[%emt 0:00:03] [#]} (34. Kb1 $17) 34... Rc6 $1 35. a4 Kf5 36. a5 (36. h4 $142) 36... a6 37. h4 Ke4 38. Ka4 Bh3 39. b4 Bd7 40. Ka3 (40. b5 $142 axb5+ 41. Kb4) 40... Rc3+ 41. Kb2 Rc6 (41... Rd3 $19 42. Rc1 Rd2+ 43. Kb3 Be6+ 44. Kc3 Rd3+ 45. Kc2 g6) 42. Rc1 (42. Ka3 $11) 42... Rxc1 43. Kxc1 {[%emt 0:00:00] KB-KB} Kd3 $2 (43... h5 44. Kc2 Kf5 45. e4+ Kg4) 44. Kb2 $2 (44. b5 Bxb5 45. Kd1) 44... Kc4 $2 (44... Bb5 {White must now prevent ...h5.} 45. h5 Be8) 45. Ka3 $2 (45. Kc2) 45... Bb5 46. Bh2 Kc3 {[%emt 0:00:01] ...h5 would be deadly.} 47. Bg3 Kd3 (47... h5 $142 48. e4 Bd3) 48. Kb3 Ke4 {[%emt 0:00:00] ( -> ...Kf5)} 49. Kc3 Kf5 {[%emt 0:00:03] Black mates.} 50. Kd2 g5 51. hxg5 Kxg5 52. e4 h5 53. Ke3 Kg4 54. Bh2 h4 55. Bg1 Be2 56. Bh2 Kh3 57. Bg1 Kg2 {[%emt 0:00:01] Weighted Error Value: White=0.96/Black=0.57} 0-1

[Event "CCT Airthings Masters Play-In 2023"]
[Site "Online"]
[Date "2023.02.03"]
[Round "3"]
[White "MrTattaglia"]
[Black "chessdjw"]
[Result "1/2-1/2"]
[ECO "A32"]
[WhiteElo "2514"]
[BlackElo "2240"]
[Annotator "TA"]
[PlyCount "94"]
[EventDate "2023.02.03"]
[EventType "swiss"]
[EventCountry "NET"]
[SourceTitle "playchess.com"]
[Source "ChessBase"]
[SourceQuality "1"]
[TimeControl "600+2"]

1. c4 c5 2. Nc3 Nf6 3. Nf3 e6 4. d4 cxd4 5. Nxd4 d5 6. cxd5 Nxd5 7. g3 {[%emt 0:00:02] A32: Symmetrical English: 2 Nf3 Nf6 3 d4 cxd4 4 Nxd4 e6.} (7. Bd2 $11) 7... Nxc3 $1 $15 8. bxc3 e5 (8... Qd5 $5 9. f3 Nc6 $11) 9. Nb3 Qxd1+ 10. Kxd1 {[%emt 0:00:00] [#]} Nc6 $146 ({Predecessor:} 10... Bd7 11. Be3 Bc6 12. f3 Ba3 13. Rb1 b6 14. Bh3 Ke7 15. Ke1 Na6 16. Kf2 Rhd8 {½-½ Van der Linde,M-Gavrilakis,N EU-ch U21 fin-B 1973 (5)}) 11. Bg2 Be6 12. Be3 O-O-O+ (12... Rc8 $17) 13. Kc2 $11 Ba3 {[%emt 0:00:24] [#] ( -> ...Bf5+)} 14. Bc1 Bxc1 15. Rhxc1 Bc4 16. Re1 Kc7 17. Bxc6 bxc6 18. Rad1 g5 19. Rxd8 Rxd8 {[%emt 0:00:02][%mdl 4096] Endgame KRB-KRN} 20. Nd2 Be6 21. c4 f6 22. Kc3 Bf5 23. Nb3 h5 24. Rh1 g4 25. Rf1 Bg6 26. Nc5 {[%emt 0:00:13] [#] aiming for Ne6+.} Rh8 27. Rd1 {[%emt 0:00:19] Rd7+ would be deadly.} Bf5 {[%emt 0:00:01] Inhibits Rd7+.} 28. e4 Bc8 29. Rf1 Kd6 30. Nd3 h4 31. Rb1 Kc7 32. Kd2 ({White should play} 32. Nc5 $11) 32... Be6 (32... Rd8 $1 $15) 33. Kc3 {[%emt 0:00:04] The position is equal.} hxg3 34. hxg3 Rh2 35. Kb4 Kb6 36. Kc3+ Kc7 37. Re1 Rh8 38. Rf1 Kd6 39. Rb1 Kc7 {[%emt 0:00:01] Against Rb7+} 40. Nc5 Bc8 41. Kd2 Rh2 42. Ke3 Rh8 43. Rd1 Rh7 44. Rf1 Rh3 45. Rb1 Rh8 46. Rd1 Rh7 47. Rb1 Rh8 {[%emt 0:00:00] Weighted Error Value: White=0.12 (very precise) /Black=0.08 (flawless)} 1/2-1/2

[Event "CCT Airthings Masters Play-In 2023"]
[Site "Online"]
[Date "2023.02.03"]
[Round "3"]
[White "titan013"]
[Black "Arhimow, Mohamed Salem"]
[Result "0-1"]
[ECO "C88"]
[WhiteElo "2514"]
[BlackElo "1567"]
[Annotator "NA"]
[PlyCount "80"]
[EventDate "2023.02.03"]
[EventType "swiss"]
[EventCountry "NET"]
[SourceTitle "playchess.com"]
[Source "ChessBase"]
[SourceQuality "1"]
[TimeControl "600+2"]

1. e4 e5 2. Nf3 Nc6 3. Bb5 a6 4. Ba4 Nf6 5. O-O Be7 6. Re1 b5 7. Bb3 O-O 8. d4 Nxd4 9. Nxd4 exd4 10. e5 Ne8 11. Qxd4 c5 12. Qe4 Rb8 13. c4 Bb7 14. Qg4 bxc4 15. Bxc4 d5 16. exd6 Nxd6 17. Bf1 f5 18. Qa4 Bf6 19. Nc3 Ne4 20. Nxe4 Bxe4 21. Qxa6 Kh8 22. a4 Bd4 23. Be3 Bxe3 24. Rxe3 Rxb2 25. Qc4 Qd4 26. a5 h6 27. a6 Ra8 28. Qxd4 cxd4 29. Rea3 Ra7 30. f3 Bc2 31. g3 Kh7 32. h4 h5 33. Ra5 g6 34. Rd5 d3 35. Rd6 Kg7 36. Kf2 Bb1+ 37. Ke3 d2 38. Kf4 Kh6 39. Rd4 Rb4 40. Ra4 Rxa4 0-1

[Event "CCT Airthings Masters Play-In 2023"]
[Site "Online"]
[Date "2023.02.03"]
[Round "3"]
[White "kirillshevchenko"]
[Black "Byniolus"]
[Result "1-0"]
[ECO "D15"]
[WhiteElo "2513"]
[BlackElo "2230"]
[Annotator "TA"]
[PlyCount "97"]
[EventDate "2023.02.03"]
[EventType "swiss"]
[EventCountry "NET"]
[SourceTitle "playchess.com"]
[Source "ChessBase"]
[SourceQuality "1"]
[TimeControl "600+2"]

1. d4 d5 2. c4 c6 3. Nf3 Nf6 4. Nc3 Qb6 5. Qc2 e6 6. Bg5 {[%emt 0:00:12] D15: Slav Defence: 4 Nc3 a6 and gambit lines after 4 Nc3 dxc4.} Be7 7. e3 h6 (7... O-O $14) 8. Bxf6 $16 {[%emt 0:00:16] White is better.} Bxf6 {[%emt 0:00:37] [#]} 9. cxd5 $1 exd5 {[%emt 0:01:07] [#]} 10. Nxd5 $1 {[%emt 0:00:03][%mdl 576] Pin} Qa5+ 11. Nc3 {[%emt 0:00:01] White is more active.} O-O 12. Be2 c5 13. O-O Nc6 (13... cxd4 $16 14. exd4 (14. Nxd4 Nc6 $16) 14... Bf5) 14. Ne4 ({Better is} 14. d5 $18 Bxc3 15. bxc3 (15. Qxc3 Qxc3 16. bxc3 Ne7 $16)) 14... cxd4 15. Nxf6+ gxf6 16. Nxd4 Nxd4 17. exd4 {[%emt 0:00:01] [#]} Bf5 $146 ({Predecessor:} 17... Rd8 18. Rfd1 Be6 19. a3 Rac8 20. Qd2 Qg5 21. Bf3 Bd5 22. Bxd5 Rxd5 23. g3 Rc4 {0-1 Stangl,A (2023)-Margaryan,S (1434) GER-ch Rapid (Women) 2022 (6)}) 18. Qc5 Qxc5 19. dxc5 Rac8 20. Rac1 a5 21. Bf3 Rc7 22. Rc3 Rd8 23. Rfc1 Rd2 {[%emt 0:00:11] [#]} 24. Rb3 Bc8 25. h3 Kf8 26. Rb6 Ke7 27. Rc3 Rd4 (27... Kf8 {keeps fighting.} 28. a4 (28. Rxf6 Rxb2 29. Bd5 Kg7 $16) 28... Kg7) 28. Re3+ (28. b3 $18 {has better winning chances.}) 28... Kf8 29. Rxf6 Rxc5 30. Rxh6 Rd2 31. Rb6 Rc1+ 32. Kh2 Rxf2 (32... Rcc2 $16 {was necessary.} 33. Reb3 (33. Bxb7 Rxf2 34. Bc6 Be6 $16) 33... Be6) 33. Bxb7 Bxb7 (33... Rcc2 $16 {was worth a try.}) 34. Rxb7 {[%emt 0:00:01][%mdl 4096] Endgame KRR-KRR} Rcc2 35. Rb8+ Kg7 36. Rg3+ Kf6 37. Rb6+ Ke7 (37... Ke5 $142 38. Rb5+ Kf6) 38. a4 $18 f5 39. Kg1 f4 (39... Kf7 $142 40. b4 axb4 41. Rxb4 Ra2) 40. Rg7+ Kf8 41. Rbb7 Rxb2 (41... Rcd2 $142 42. Rbf7+ Ke8) 42. Rgf7+ Kg8 43. Rxb2 Rxb2 44. Rxf4 {[%emt 0:00:01] KR-KR} Rb4 45. g3 {[%emt 0:00:08] Black must now prevent Kf2.} (45. Rxb4 axb4 46. Kf2 b3 $19) 45... Kg7 46. Kg2 Kg6 47. h4 {[%emt 0:00:02] Hoping for Kf3.} Kh5 48. Rf5+ Kg4 49. Rg5# {[%emt 0:00:00] Weighted Error Value: White=0.17 (very precise) /Black=0.51} 1-0

[Event "CCT Airthings Masters Play-In 2023"]
[Site "Online"]
[Date "2023.02.03"]
[Round "3"]
[White "Blomqvist, Erik"]
[Black "vugarrasulov"]
[Result "1-0"]
[ECO "C78"]
[WhiteElo "2510"]
[BlackElo "2531"]
[Annotator "TA"]
[PlyCount "81"]
[EventDate "2023.02.03"]
[EventType "swiss"]
[EventCountry "NET"]
[SourceTitle "playchess.com"]
[Source "ChessBase"]
[SourceQuality "1"]
[TimeControl "600+2"]

1. e4 e5 2. Nf3 Nc6 3. Bb5 a6 4. Ba4 Nf6 5. O-O b5 6. Bb3 Bc5 7. c3 d6 8. d4 Bb6 9. Be3 $1 {[%emt 0:00:04][%mdl 4] now scores much better than the old 9.a4.} Rb8 {[%emt 0:00:22] C78: Ruy Lopez: Archangelsk and Möller Defences.} 10. Nbd2 O-O 11. Re1 h6 {[%emt 0:00:02] The position is equal.} 12. h3 Bb7 13. a3 exd4 14. cxd4 {[%emt 0:00:47] [#]} d5 $146 (14... Ne7 $11) ({Predecessor:} 14... Re8 15. Ba2 Na7 16. Qc2 Bxe4 17. Nxe4 Rxe4 18. Bxh6 gxh6 19. Rxe4 Nxe4 20. Qxe4 Bxd4 21. Qxd4 c5 22. Qg4+ Qg5 23. Nxg5 Nc6 24. Ne6+ {1-0 Lahdenmaeki,L-Cofer,D LSS CP-2006-P-00052}) 15. e5 $14 Ne4 16. Bc2 Ne7 17. Qb1 Nxd2 18. Nxd2 Qd7 19. b4 Bc8 20. g4 (20. Nf3 $16) 20... h5 21. f3 {[%emt 0:00:49] White is more active.} (21. gxh5 $2 Qxh3 22. Qd1 Bg4 $19) 21... f5 22. exf6 $1 (22. gxh5 $2 f4 23. e6 (23. Bh7+ $2 Kh8 $19) 23... Qxe6 $19) 22... Rxf6 23. Kg2 (23. gxh5 $2 Qxh3 24. Re2 (24. Bf2 $2 Bg4 $19) 24... Qxh5 $19) 23... Nc6 {[%emt 0:00:47] [#]} ({Better is} 23... Qd6 $1 $14) 24. Nb3 $1 $16 (24. gxh5 $2 Qxh3+ 25. Kg1 Nxd4 $19) 24... hxg4 25. hxg4 (25. fxg4 $16 {And now Bg5 would win.} Bb7 26. Bf5) 25... Rxf3 $1 $14 {[%emt 0:00:06][%mdl 64] Remove Defender, Decoy} 26. Kxf3 Qxg4+ 27. Kf2 Bf5 {[%emt 0:00:35] Against Bh7+} 28. Bxf5 $16 Rf8 29. Rg1 (29. Re2 $1 $14 Rxf5+ 30. Ke1) 29... Rxf5+ $11 30. Ke1 Qf3 (30... Qh3 $5 31. Kd1 Qxe3 32. Qxf5 Qxg1+ 33. Kd2 Qg2+ 34. Ke3 Bxd4+ {[%mdl 64] Decoy} 35. Nxd4 Nxd4 36. Kxd4 Qb2+ 37. Kxd5 Qxa1 $11) 31. Qd3 Ne5 $1 32. Qe2 (32. dxe5 Rxe5 33. Kd2 Rxe3 $15) 32... Qh3 (32... Nc4 $14) 33. Nd2 {[%emt 0:00:29] Black must now prevent Kd1.} ({Of course not} 33. Kd1 $6 Nc4 $11) 33... Nc6 $2 {[%emt 0:00:55][%mdl 8192] Loses the game.} (33... Bxd4 $16 {is more resistant.} 34. Bxd4 Qh4+ 35. Bf2 Rxf2 36. Qxe5 (36. Rxg7+ Kxg7 37. Qxe5+ Kf8 $11) 36... Rg2+ 37. Kd1 Rxg1+ 38. Kc2 Rxa1 39. Qxa1 Qh7+ 40. Kc3 Qh6) 34. Rc1 $18 Bxd4 (34... Nxd4 $142 35. Bxd4 Bxd4 36. Qe6+ Kh7 37. Qg6+ Kg8) 35. Bxd4 {[%emt 0:00:14] White wants to mate with Qe8+.} ({Not} 35. Rxc6 Bxe3 36. Rxa6 (36. Qg4 Bxd2+ 37. Ke2 Qe3+ 38. Kd1 Bc3 $11) 36... Bxg1 37. Qe6+ (37. Qxb5 $2 {too greedy.} Qh5 $19) 37... Kh8 $18) 35... Nxd4 36. Qe8+ {[%emt 0:00:09] White mates.} Rf8 {[%emt 0:00:12] [#]} 37. Rxg7+ $3 {[%emt 0:00:02][%mdl 576] Decoy} Kxg7 38. Rxc7+ Kf6 39. Qxf8+ Ke5 40. Qg7+ Ke6 41. Qd7+ {[%emt 0:00:03] Beautiful play by Blomqvist!   Weighted Error Value: White=0.10 (very precise) /Black=0.39} 1-0

[Event "CCT Airthings Masters Play-In 2023"]
[Site "Online"]
[Date "2023.02.03"]
[Round "3"]
[White "Matibar"]
[Black "Parhamov"]
[Result "0-1"]
[ECO "B80"]
[WhiteElo "2510"]
[BlackElo "2635"]
[Annotator "TA"]
[PlyCount "104"]
[EventDate "2023.02.03"]
[EventType "swiss"]
[EventCountry "NET"]
[SourceTitle "playchess.com"]
[Source "ChessBase"]
[SourceQuality "1"]
[TimeControl "600+2"]

1. e4 c5 2. Nf3 e6 3. d4 cxd4 4. Nxd4 a6 5. Nc3 Qc7 6. g3 Nf6 7. Bg2 d6 8. O-O Be7 9. a4 O-O $1 {[%emt 0:00:11][%mdl 4] is recently more successful than 9...Nc6.} 10. a5 Bd7 {[%emt 0:00:09] B80: Sicilian Scheveningen: 6 g3 and 6 Be3, including English Attack.} 11. h3 Nc6 12. Nb3 Ne5 {[%emt 0:00:06] The position is equal.} 13. f4 Nc4 {[%emt 0:00:02] [#]} 14. g4 $146 ({Predecessor:} 14. Qe2 Rac8 15. Re1 d5 16. exd5 Bb4 17. dxe6 Bxe6 18. Kh2 Nxb2 19. Bxb2 Bxc3 20. Bxc3 Qxc3 21. Bxb7 {0-1 Pourkashiyan,A (2371)-Hejazipour,M (2240) Asia-ch (Women) 2011 (1)}) 14... Bb5 ({Black should play} 14... h6 $11) 15. g5 $36 {[%emt 0:00:35][%mdl 2048] White fights for an advantage.} Nd7 16. Rf2 Rfe8 17. Nd4 Nxa5 {[%emt 0:00:02] [#]} 18. f5 $1 (18. Ncxb5 axb5 19. f5 exf5 $14) 18... Bf8 19. fxe6 ({Don't play} 19. Ncxb5 axb5 20. fxe6 fxe6 $16) 19... fxe6 20. Ncxb5 ({Weaker is} 20. Ndxb5 axb5 21. Nxb5 Qb6 $14) 20... axb5 {[%emt 0:00:01] [#]} 21. b4 $1 Nc4 22. Rxa8 ({Much less strong is} 22. Nxb5 $6 Qb6 23. Rxa8 Rxa8 $16) 22... Rxa8 23. Nxe6 Qb6 24. Bf4 (24. Qd5 {keeps more tension.} Qc6 25. e5 Qxd5 26. Bxd5 Ndb6 27. Bxb7 Rb8 28. Rxf8+ Rxf8 29. Nxf8 Kxf8 30. exd6 Nxd6 31. Bc6) 24... Nde5 25. Bf1 (25. Qd5 $14 {is superior.} Qc6 26. Nd4+ {[%mdl 64] Discovered Attack} Qxd5 27. exd5) 25... Ne3 $1 $11 {[%emt 0:01:08] A dynamic duo of knights.} 26. Qd4 Qxd4 27. Nxd4 Nxf1 28. Rxf1 Rc8 29. Bd2 Nc4 30. Bc1 Nb6 31. Rf5 {[%emt 0:00:10] [#]} d5 $1 {[%emt 0:00:18][%mdl 64] Discovered Attack} 32. e5 (32. Be3 g6) 32... Bxb4 33. Kf1 g6 34. Rf3 Bc3 35. Nxb5 Bxe5 36. Be3 Nc4 37. c3 $2 (37. Ke2 $17 {might work better.}) 37... Rf8 $19 38. Rxf8+ Kxf8 {[%emt 0:00:01][%mdl 4096] Endgame KBN-KBN} 39. Bc5+ Kf7 40. Kg2 (40. Ke2 $142) 40... Ke6 41. Kf3 Nd2+ 42. Kg4 Ne4 {[%emt 0:00:04] Wards off h4} 43. Bd4 Bxd4 44. cxd4 {[%emt 0:00:01] KN-KN} Kd7 {[%emt 0:00:02] Hoping for ...Kc6.} 45. Kf4 Nd6 46. Nc3 Ke6 {[%emt 0:00:04] Threatens to win with ...b5.} 47. Na4 Ne4 {[%emt 0:00:04] White must now prevent ...b5.} 48. h4 $2 (48. Nb2) 48... b5 {[%emt 0:00:02][%cal Bb7b5,Bb5b4,Bb4b3][%mdl 32] Black is clearly winning.} 49. Nb2 b4 50. Nd3 b3 51. Nb2 Nd2 {[%emt 0:00:12] aiming for ...Nc4.} 52. Nd3 (52. Na4 $142) 52... Kd6 {[%emt 0:00:01] Never resign too early!   Weighted Error Value: White=0.35/Black=0.15 (very precise)} 0-1

[Event "CCT Airthings Masters Play-In 2023"]
[Site "Online"]
[Date "2023.02.03"]
[Round "3"]
[White "Alexandr_Predke"]
[Black "Oleksandr_Bortnyk"]
[Result "1-0"]
[ECO "C41"]
[WhiteElo "2509"]
[BlackElo "2630"]
[Annotator "TA"]
[PlyCount "163"]
[EventDate "2023.02.03"]
[EventType "swiss"]
[EventCountry "NET"]
[SourceTitle "playchess.com"]
[Source "ChessBase"]
[SourceQuality "1"]
[TimeControl "600+2"]

1. e4 d6 2. d4 Nf6 3. Nc3 e5 4. Nf3 Nbd7 5. Bc4 Be7 6. O-O c6 7. a4 Qc7 8. Re1 h6 {[%emt 0:00:01] C41: Philidor Defence.} 9. Ba2 O-O 10. Nh4 Re8 {[%emt 0:01:01] White has an edge.} 11. Nf5 Bf8 {[%emt 0:00:11] [#]} 12. d5 $146 ({Predecessor:} 12. Be3 exd4 13. Bxd4 Ne5 14. Ng3 Be6 15. Bxe6 fxe6 16. Qe2 Qf7 17. Rf1 Qg6 18. f4 {1-0 Dyachkov,S (2549)-Krutko,A (2310) RUS-chT Clubs sf 2005 (5)}) 12... Nc5 13. Qf3 {[%emt 0:00:14][%cal Of5h6] Threatens to win with Nxh6+!} Bxf5 14. Qxf5 Qc8 15. Qf3 Qg4 16. Qxg4 Nxg4 17. a5 a6 18. f3 Nf6 19. Be3 Rec8 20. Bxc5 dxc5 {[%emt 0:00:03] Black is weak on the light squares} 21. dxc6 Rxc6 22. Bc4 Rd8 23. Nd5 Nxd5 24. exd5 {[%emt 0:01:03][%mdl 64] [#] Discovered Attack} Rc7 25. Rxe5 Bd6 26. Re3 g6 27. Rae1 Kg7 28. Rb3 Rcd7 29. g3 Kf8 30. Bf1 Re8 31. Rxe8+ Kxe8 $14 {[%emt 0:00:00][%mdl 4096] Endgame KRB-KRB} 32. f4 Re7 33. Kf2 f5 34. Bd3 Kd8 35. Rc3 h5 36. h4 Rd7 37. Be2 Re7 38. Bf3 Re8 39. Rb3 Re7 40. Rb6 Kc7 41. c4 Re8 42. Be2 Rf8 43. Ke3 Re8+ 44. Kd2 Re4 45. Bd3 Re8 46. Bc2 Rf8 47. Ba4 {[%emt 0:00:18] aiming for Kd3. White leaves nothing to chance now.} Rf7 48. Be8 {[%emt 0:00:08] White is more active.} Rg7 (48... Re7 $16 {was worth a try.} 49. Bxg6 Rg7) 49. Rb3 $18 Kd8 50. Re3 Be7 (50... Bc7 $142 51. Ke2 Re7 52. Bxg6 Bxa5 53. Bxh5 Rxe3+ 54. Kxe3 Ke7) 51. Ba4 Rf7 52. Kd3 Rf6 (52... Rf8 $142 53. Re1 Rf6) 53. b4 Bd6 (53... Rf7 $142 54. b5 Rf6) 54. Re8+ Kc7 55. b5 {[%emt 0:00:04][%csl Ga5][%cal Rb5b6] [#]} Bf8 56. b6+ Kd6 57. Rb8 Rf7 58. Be8 Rg7 59. Ba4 Rf7 60. Rd8+ Ke7 61. Re8+ Kf6 62. Re6+ Kg7 63. Be8 Rf6 64. Re2 (64. Rxf6 $142 Kxf6 65. Bd7 (65. Bc6 $2 bxc6 66. Kd2 cxd5 $19) 65... Bg7 66. Bc8 Ke7 67. Bxb7 Bf6 68. Bxa6 Kd6 69. Bb5) 64... Bd6 65. Bd7 {[%emt 0:00:01] Black must now prevent Re6.} Rf8 66. Re6 Bb8 67. Be8 (67. Re8 $142 Rxe8 68. Bxe8) 67... Rf6 68. Rxf6 {[%emt 0:00:01] White mates.} Kxf6 {[%emt 0:00:00] KB-KB} 69. Bd7 Ke7 70. Bc8 g5 71. hxg5 h4 72. gxh4 Bxf4 73. Bxb7 Bg3 74. h5 Be1 75. Bxa6 Bxa5 76. b7 Bc7 77. h6 Kf7 78. Bb5 Kg6 79. Be8+ Kh7 80. Bd7 f4 81. Bf5+ Kg8 82. Ke4 {[%emt 0:00:02] Weighted Error Value: White=0.12 (very precise) /Black=0.34} 1-0

[Event "CCT Airthings Masters Play-In 2023"]
[Site "Online"]
[Date "2023.02.03"]
[Round "3"]
[White "SergeiAza"]
[Black "CheckBits"]
[Result "1-0"]
[ECO "C67"]
[WhiteElo "2507"]
[BlackElo "2224"]
[Annotator "TA"]
[PlyCount "83"]
[EventDate "2023.02.03"]
[EventType "swiss"]
[EventCountry "NET"]
[SourceTitle "playchess.com"]
[Source "ChessBase"]
[SourceQuality "1"]
[TimeControl "600+2"]

1. e4 e5 2. Nf3 Nc6 3. Bb5 Nf6 4. O-O Nxe4 5. d4 Nd6 6. dxe5 Nxb5 7. a4 Nbd4 {[%emt 0:00:05] C67: Ruy Lopez: Berlin Defence: 4 0-0 Nxe4.} 8. Nxd4 d5 {[%emt 0:00:16] now supersedes 8...Nxd4.} 9. Nxc6 bxc6 {[%emt 0:00:01] The position is equal.} 10. Qd3 Be7 {[%emt 0:00:13] [#]} 11. Be3 $146 ({Predecessor:} 11. Qg3 g6 12. Bh6 Bf5 13. Nd2 Bf8 14. Bxf8 Kxf8 15. Qc3 d4 16. Qc5+ Kg7 17. Nf3 {0-1 Hakobyan,A (2612)-Kozak,A (2522) Titled Tuesday intern op 19th Jul Early blitz 2022 (5)}) 11... O-O 12. Qc3 Bf5 13. Nd2 f6 14. Nf3 Qd7 {[%emt 0:00:48] Black is weak on the dark squares} 15. Bc5 Bxc5 16. Qxc5 Bg4 {[%emt 0:00:19] [#]} 17. e6 Qxe6 18. Nd4 $36 {[%emt 0:00:04][%csl LRc6,LRe6][%mdl 2048] White is more active.} Qd7 (18... Qd6 $1 $14 19. Qxd6 (19. Qxc6 Qxc6 20. Nxc6 Rf7 $14) 19... cxd6) 19. f3 Bf5 20. Rfe1 Rfe8 {[%emt 0:00:07] Prevents Re7} (20... Bg6 $16) 21. Nxc6 ({White should play} 21. Rxe8+ $1 $18 Rxe8 22. Qxa7) 21... Kf7 22. Nd4 {[%emt 0:00:09] White has more active pieces.} ({But not} 22. Nxa7 Rxe1+ 23. Rxe1 Qd6 24. Qxd6 cxd6 $16) 22... Bg6 23. a5 a6 24. b4 Re5 25. Nc6 {[%emt 0:00:08] Wards off Qe7} Rxe1+ (25... Re6 $16 {was worth a try.} 26. Rxe6 Qxe6) 26. Rxe1 $18 Re8 {[%emt 0:00:00] Prevents Re7+} 27. Rxe8 Kxe8 {[%emt 0:00:02][%mdl 4096] Endgame KQB-KQN} 28. Nd4 {[%emt 0:00:19] Against Qe6} (28. b5 $142 Qe6 29. Kf2 (29. bxa6 $2 Qe1#)) 28... Qe7 {[%emt 0:00:04] [#]} 29. Qxe7+ (29. Qxd5 $2 Qe1#) ({And not} 29. Qc6+ Kf8 30. Qc3 (30. Qxd5 $2 Qe1#) 30... Be8 $14) 29... Kxe7 {[%emt 0:00:01] [#] KB-KN} 30. b5 $1 Kd7 (30... axb5 $2 31. a6 $18) 31. bxa6 Kc8 32. c3 Bd3 $2 (32... Kb8 33. Nc6+ Ka8) 33. a7 Kb7 34. Ne6 Kxa7 35. Nxc7 Bc4 36. Kf2 {[%emt 0:00:15] White is clearly winning.} g5 37. Ke3 Kb7 38. Ne8 {[%emt 0:00:04] Nd6+ would be deadly.} f5 39. Nd6+ Ka6 40. Nxc4 dxc4 41. Kd4 Kxa5 42. Kxc4 {[%emt 0:00:01] Weighted Error Value: White=0.20 (precise) /Black=0.40} 1-0